 Seeded DCSS version 0.29.1-15-g9cfb28693d (webtiles) character file.

Game seed: 6433510216138347027 (custom seed)

46 IndexError the Shooter (level 3, -4/23 HPs)
             Began as a Gargoyle Hunter on Mar 5, 2023.
             Was an Initiate of Ashenzari.
             Slain by a goblin
             ... wielding a +0 club
             ... led by Robin
              (6 damage)
             ... on level 2 of the Dungeon.
             The game lasted 00:02:22 (919 turns).

IndexError the Shooter (Gargoyle Hunter)             Turns: 919, Time: 00:02:22

Health: -4/23      AC:  6    Str: 14    XL:     3   Next: 68%
Magic:  3/3        EV: 11    Int:  9    God:    Ashenzari [......]
Gold:   57         SH:  0    Dex: 15    Spells: 2/2 levels left

rFire   . . .      SeeInvis .   a - +0 shortbow
rCold   . . .      Faith    .   (shield currently unavailable)
rNeg    + . .      Spirit   .   c - +0 leather armour
rPois   ∞          Reflect  .   (no helmet)
rElec   +          Harm     .   (no cloak)
rCorr   .          Rampage  .   (no gloves)
Will    .....                   (no boots)
Stlth   ++........              (no amulet)
HPRegen 0.07/turn               (no ring)
MPRegen 0.08/turn               (no ring)

@: no status effects
A: sickness immunity, AC +3, negative energy resistance 1, electricity
resistance, torment resistance 1, petrification resistance
a: Renounce Religion, Curse Item


You were on level 2 of the Dungeon.
You worshipped Ashenzari.
Ashenzari was noncommittal.
You visited 1 branch of the dungeon, and saw 2 of its levels.

You collected 57 gold pieces.

Inventory:

Hand Weapons
 a - a +0 shortbow (weapon)
Armour
 c - a +0 leather armour (worn)
Magical Staves
 f - a staff of poison {rPois}
   (You found it on level 1 of the Dungeon)
Scrolls
 b - a scroll of immolation {!r}
 d - a scroll of fear {unknown}
 e - 4 scrolls of identify {unknown}
 h - a scroll of enchant armour {unknown}
Potions
 g - a potion of curing {unknown}


   Skills:
 + Level 3.0 Fighting
 * Level 4.9 Ranged Weapons
 - Level 1.5 Dodging
 - Level 1.1 Stealth


You had 2 spell levels left.
You didn't know any spells.
Your spell library was empty.

Dungeon Overview and Level Annotations

Branches:
Dungeon (2/15)

Altars:
Ashenzari

Annotations:
D:2 Robin


Innate Abilities, Weirdness & Mutations

You are immune to sickness and miasma.
Your stone body is resilient. (AC +3)
You are immune to poison.
You resist negative energy. (rN+)
You are resistant to electric shocks. (rElec)
You are resistant to unholy torment.
You are immune to petrification.


Message History

You shoot an arrow. The arrow hits the quokka!
A quokka comes into view.
You shoot an arrow. The arrow barely misses the quokka.
You shoot an arrow. The arrow barely misses the quokka.
A quokka is nearby!
You shoot an arrow. The arrow hits the quokka!
Your Fighting skill increases to level 3!
Health restored: 23 No target in view!
No target in view! 2 goblins come into view.
There are monsters nearby!
There are monsters nearby!
You shoot an arrow. The arrow hits the goblin.
You hear a shout!
The goblin shouts!
The goblin unwields a +0 dagger.
The goblin wields a +0 sling.
The goblin shoots a sling bullet.
The sling bullet hits you but does no damage.
You shoot an arrow. The arrow closely misses the goblin. x2
A goblin comes into view. It is wielding a +0 dagger.
A goblin comes into view. It is wielding a +0 club.
The goblin moves out of view.
You shoot an arrow. The goblin shouts!
The arrow hits the goblin.
You hear a shout!
A hobgoblin comes into view.
You shoot an arrow. The arrow hits the goblin.
A goblin comes into view. It is wielding a +0 club.
The goblin shoots a sling bullet.
The sling bullet hits you.
You hear a shout!
You take 1 damage, and have 22/23 hp.
You shoot an arrow.
The arrow hits the goblin but does no damage.
The goblin shoots a sling bullet.
The sling bullet hits you.
You hear a shout! x2
You take 3 damage, and have 19/23 hp.
You shoot an arrow.
The arrow hits the goblin but does no damage.
The goblin shoots a sling bullet.
The sling bullet hits you.
The goblin shoots a sling bullet.
The sling bullet barely misses you.
You shoot an arrow. The arrow hits the goblin.
You take 5 damage, and have 14/23 hp.
MASSIVE DAMAGE!!
You shoot an arrow. The arrow hits the goblin!
You shoot an arrow.
The arrow hits the hobgoblin but does no damage.
You hear a shout!
A goblin comes into view. It is wielding a +0 dagger.
You shoot an arrow. The arrow hits the hobgoblin.
A goblin comes into view. It is wielding a +0 club. x2
You shoot an arrow.
The arrow hits the hobgoblin but does no damage.
Robin of the Strong Arm comes into view.
They are wielding a +0 spear.
You shoot an arrow. The arrow hits the hobgoblin!
Robin throws the goblin at you! The goblin hits you with a +0 club.
You are too injured to fight recklessly!
You take 2 damage, and have 12/23 hp.
You are too injured to fight recklessly!
You are too injured to fight recklessly!
You are too injured to fight recklessly!
Fire: a) +0 shortbow
Press: ? - help, Q - select action Shift-Dir - straight line, f - goblin
Aim: a goblin, wielding a +0 club (55% to hit)
You shoot an arrow. The arrow hits the goblin!
A goblin comes into view. It is wielding a +0 club.
Robin throws the goblin at you! The goblin closely misses you.
The goblin moves out of view.
Fire: a) +0 shortbow
Press: ? - help, Q - select action Shift-Dir - straight line, f - goblin
Aim: a goblin, wielding a +0 dagger (55% to hit)
You shoot an arrow. The arrow hits the goblin.
The goblin hits you but does no damage. The goblin barely misses you.
Fire: a) +0 shortbow
Press: ? - help, Q - select action Shift-Dir - straight line, f/p - goblin
Aim: a goblin, wielding a +0 dagger (heavily wounded, 55% to hit)
You shoot an arrow. The arrow barely misses the goblin.
The goblin shouts!
The arrow hits the goblin.
The goblin barely misses you.
A goblin comes into view. It is wielding a +0 club.
The goblin barely misses you. The goblin hits you with a +0 club.
You take 3 damage, and have 10/23 hp.
The goblin hits you but does no damage.
Robin roars a battlecry!
The goblins go into a battle-frenzy!
The goblin attacks as you move away! The goblin hits you with a +0 club.
* * * LOW HITPOINT WARNING * * *
The goblin unwields a +0 club.
The goblin wields a +0 sling.
The goblin shoots a sling bullet.
The sling bullet hits you but does no damage.
Robin throws the goblin at you! The goblin barely misses you.
The goblin barely misses you.
You take 6 damage, and have 4/23 hp.
MASSIVE DAMAGE!!
The goblin attacks as you move away! The goblin hits you but does no damage.
The goblin attacks as you move away! The goblin hits you with a +0 club.
* * * LOW HITPOINT WARNING * * *
You take 2 damage, and have 2/23 hp.
The goblin attacks as you move away! The goblin hits you with a +0 club.
You die...

#...# #......# #...#
#......# #...#
#.<....# #...#
###......# ##...#
#........# #....#
##.#.######
########....# ##....#
..g)).)g..g#####...###
g#######..g.gg@..#.#
#.#g#..####.#
#..#.##†# #.#
.[.##....# #.# ###.
...... ... .## ######
.. ..#...# ..# ..
#..... ......###.. ##
..#..... .. ...# #..
.#..... ..[.# ##
......


You could see Robin and 5 goblins.

Vanquished Creatures
  A dart slug (D:1)
  6 endoplasms
  2 giant cockroaches (D:1)
  7 goblins
  3 hobgoblins
  2 jackals (D:1)
  A kobold (D:1)
  3 quokkas
  5 ball pythons
  3 bats (D:1)
  2 frilled lizards (D:1)
35 creatures vanquished.

Notes
Turn   | Place    | Note
-------+----------+-------------------------------------------
     0 | D:1      | IndexError the Gargoyle Hunter began the quest for the Orb.
     0 | D:1      | Reached XP level 1. HP: 12/12 MP: 1/1
   255 | D:1      | Reached XP level 2. HP: 18/18 MP: 2/2
   318 | D:1      | Found a faded altar of an unknown god.
   336 | D:1      | Prayed at the altar of an unknown god.
   336 | D:1      | Became a worshipper of Ashenzari the Shackled
   570 | D:1      | Reached XP level 3. HP: 22/22 MP: 3/3
   891 | D:2      | Reached skill level 3 in Fighting
   907 | D:2      | Noticed Robin
   914 | D:2      | HP: 4/23 [goblin/+0 club[Robin] (6)]
   919 | D:2      | Slain by a goblin

Illustrated notes

Levels and vault maps discovered:
D:1:      grunt_arrival_lava_bath, layout_rooms,
          hellmonk_ecumenical_altar_crossroads
D:2:      layout_rooms, basic_altar, uniq_robin

Skill      XL: |  1  2  3 |
---------------+----------+-----
Fighting       | 3 |  3.0
Ranged Weapons | |  4.9
Dodging        | |  1.5
Stealth        | |  1.1

Action                   || total
-------------------------++-------
 Fire: Shortbow          ||    88
Armor: Leather armour    ||    27
Dodge: Dodged            ||    19

Table legend: (Time is in decaauts)
 A = Elapsed time spent in this place.
 B = Non-inter-level travel time spent in this place.
 C = Inter-level travel time spent in this place.
 D = Time resting spent in this place.
 E = Time spent auto-exploring this place.
 F = Levels seen in this place.
 G = Mean time per level.
                   A        B        C        D        E       F      G
               +--------+--------+--------+--------+--------+-----+--------+
         Total |    945 |    869 |     76 |    200 |    448 |   2 |  472.5 |
       Dungeon |    945 |    869 |     76 |    200 |    448 |   2 |  472.5 |
               +--------+--------+--------+--------+--------+-----+--------+

Top non-repeatable levels by time:
     D:1: 867 daAuts
     D:2: 78 daAuts

Table legend:
 A = Kills in this place as a percentage of kills in entire the game.
 B = Kills by you in this place as a percentage of kills by you in the entire game.
 C = Kills by friends in this place as a percentage of kills by friends in the entire game.
 D = Other kills in this place as a percentage of other kills in the entire game.
 E = Experience gained in this place as a percentage of experience gained in the entire game.
 F = Experience gained in this place divided by the number of levels of this place that you have seen.
                   A       B       C       D       E      F
               +-------+-------+-------+-------+-------+----------------------
         Total | 100.0 | 100.0 |   N/A |   N/A | 100.0 |  33.5
       Dungeon | 100.0 | 100.0 |   N/A |   N/A | 100.0 |  33.5
               +-------+-------+-------+-------+-------+----------------------
